 Dungeon Crawl Stone Soup version 0.29.1-12-g30fa7ad0bf (webtiles) character file.

Game seed: 6212082728136629823

802 Gabide the Ruffian (level 7, -16/56 HPs)
             Began as a Mummy Berserker on Dec 25, 2022.
             Was a Priest of Trog.
             Killed from afar by an acid dragon (26 damage)
             ... with a splash of acid
             ... on level 5 of the Dungeon.
             The game lasted 00:10:13 (5263 turns).

Gabide the Ruffian (Mummy Berserker)                Turns: 5263, Time: 00:10:14

Health: -16/56     AC:  6    Str: 22    XL:     7   Next: 59%
Magic:  7/7        EV: 12    Int:  7    God:    Trog [***...]
Gold:   160        SH:  0    Dex: 11    Spells: 6/6 levels left

rFire   x . .      SeeInvis .   a - +2 dagger (venom)
rCold   + . .      Faith    .   (no shield)
rNeg    + + +      Spirit   .   k - +0 ring mail
rPois   ∞          Reflect  .   d - +0 helmet
rElec   .          Harm     .   (no cloak)
rCorr   .          Rampage  .   (no gloves)
Will    .....                   (no boots)
Stlth   +.........              (no amulet)
HPRegen 0.18/turn               (no ring)
MPRegen 0.10/turn               (no ring)

@: no status effects
A: cold resistance 1, negative energy resistance 3, torment resistance 2, heat
vulnerability 1, in touch with death 1, no potions
a: Renounce Religion, Trog's Hand


You were on level 5 of the Dungeon.
You worshipped Trog.
Trog was most pleased with you.
You visited 1 branch of the dungeon, and saw 5 of its levels.

You collected 212 gold pieces.
You spent 52 gold pieces at shops.

Inventory:

Hand Weapons
 a - a +2 dagger of venom (weapon)
 b - a +2 sling of flaming
Missiles
 g - 4 boomerangs
 p - 2 javelins
Armour
 d - a +0 helmet (worn)
 k - a +0 ring mail (worn)
Jewellery
 h - an amulet of reflection
 n - an amulet of the acrobat
Wands
 s - a wand of flame (40)
Scrolls
 e - 2 scrolls of blinking
 f - 2 scrolls of teleportation
 i - 2 scrolls of butterflies
 j - a scroll of summoning {unknown}
 l - 2 scrolls of vulnerability
 m - a scroll of amnesia {unknown}
 o - a scroll of immolation {unknown}
 q - a scroll of magic mapping {unknown}
 r - a scroll of torment
 u - a scroll of poison {unknown}


   Skills:
 + Level 5.2 Fighting
 - Level 1.5 Armour
 + Level 3.7 Dodging
 * Level 5.6 Unarmed Combat


You had 6 spell levels left.
You didn't know any spells.
Your spell library was empty.

Dungeon Overview and Level Annotations

Branches:
Dungeon (5/15)             Temple (0/1) D:5

Altars:
Ru
Xom

Shops:
D:2 :*!=(   D:3 :

Annotations:
D:3 1 runed translucent door, Crazy Yiuf
D:5 Menkaure


Innate Abilities, Weirdness & Mutations

You are immune to poison.
Your flesh is cold resistant. (rC+)
You are immune to negative energy. (rN+++)
You are immune to unholy pain and torment.
You are vulnerable to heat. (rF-)
You are in touch with the powers of death.
You do not drink.


Message History

The splash of acid misses you.
You barely miss the acid dragon.
The acid dragon is severely wounded.
The acid dragon closely misses you. The acid dragon claws you.
You barely miss the acid dragon.
The acid dragon is almost dead.
You feel the effects of Trog's Hand fading.
The acid dragon misses you. The acid dragon closely misses you.
You hit the acid dragon but do no damage.
The acid dragon is almost dead.
You are no longer corroded.
The acid dragon bites you but does no damage.
The acid dragon barely misses you.
You hit the acid dragon.
The acid dragon is almost dead.
The acid dragon bites you! The acid dragon completely misses you.
You completely miss the acid dragon.
The acid dragon is almost dead.
The acid dragon spits acid at you. The splash of acid hits you!
* * * LOW HITPOINT WARNING * * *
You completely miss the acid dragon.
The acid dragon is almost dead.
The acid dragon bites you but does no damage.
The acid dragon closely misses you.
You hit the acid dragon but do no damage.
The acid dragon looks even sicker.
Your punch misses the acid dragon.
The acid dragon is almost dead.
Your skin stops crawling.
You feel less strong-willed. The acid dragon barely misses you.
The acid dragon completely misses you.
You closely miss the acid dragon.
The acid dragon is almost dead.
The acid dragon bites you but does no damage.
The acid dragon claws you.
* * * LOW HITPOINT WARNING * * *
You hit the acid dragon but do no damage.
The acid dragon is almost dead.
The acid dragon spits acid at you. The splash of acid hits you!!
You die...

.## ... #..# D.# ...# #..# ..#
....# #..# ..# ##.....# ##..#
..# ##...##...##...# ..# #...#
#.....##### .## ##..#
#####........## .##
#..####.............###
..###..#.......D@.........####
...D...#.......[.............#
.....##..(!...............####
.#####.....................#
## ##.....................# .#
#......)...............## .#
##.......................##
>.##.........................#
#..##...............!.......##


You could see an acid dragon (very poisoned, catching breath).

Vanquished Creatures
  Grinder (D:4)
  A phantom (D:4)
  Blork the orc (D:5)
  A gnoll sergeant (D:4)
  A scorpion (D:4)
  A hound (D:5)
  Natasha (thrice) (D:2)
  An orc wizard (D:3)
  6 adders
  5 gnolls
  A river rat (D:3)
  A worm (D:2)
  3 dart slugs (D:3)
  11 orcs
  6 ball pythons
  10 endoplasms
  4 giant cockroaches
  13 goblins
  4 hobgoblins
  4 jackals
  A kobold (D:3)
  5 quokkas
  3 bats
  3 frilled lizards
  4 rats
94 creatures vanquished.

Notes
Turn   | Place    | Note
-------+----------+-------------------------------------------
     0 | D:1      | Gabide the Mummy Berserker began the quest for the Orb.
     0 | D:1      | Reached XP level 1. HP: 18/18 MP: 1/1
   140 | D:1      | Reached XP level 2. HP: 23/24 MP: 2/2
   749 | D:2      | Found Fizost's Jewellery Boutique.
   753 | D:2      | Reached ** piety under Trog
   777 | D:2      | Gained mutation: You are in touch with the powers of death.
                  | [Mummy growth]
   777 | D:2      | Reached XP level 3. HP: 27/29 MP: 3/3
   851 | D:2      | Found Wiex's Book Boutique.
   851 | D:2      | Found Nutsaw's General Store.
   872 | D:2      | Bought a +0 ring mail for 52 gold pieces
   939 | D:2      | Noticed Natasha
   961 | D:2      | Killed Natasha
   962 | D:2      | Reached XP level 4. HP: 27/35 MP: 4/4
  1041 | D:2      | Found Wirofoade's Antique Weapon Shoppe.
  1071 | D:2      | Found a faded altar of an unknown god.
  1123 | D:2      | Found Soodic's Distillery.
  1212 | D:2      | Noticed Natasha
  1216 | D:2      | Killed Natasha
  1775 | D:2      | Noticed Natasha
  1787 | D:2      | Killed Natasha
  1880 | D:3      | Reached XP level 5. HP: 42/42 MP: 5/5
  1886 | D:3      | Found Zaquvu's Book Shop.
  2291 | D:3      | Found a runed translucent door.
  2292 | D:3      | Noticed Crazy Yiuf
  2501 | D:3      | Reached *** piety under Trog
  2880 | D:4      | Reached XP level 6. HP: 37/48 MP: 6/6
  3293 | D:4      | Found a shimmering altar of Xom.
  3452 | D:5      | Entered Level 5 of the Dungeon
  3468 | D:5      | Noticed Blork the orc
  3482 | D:5      | Killed Blork the orc
  3803 | D:5      | Found a staircase to the Ecumenical Temple.
  3804 | D:5      | Noticed a steam dragon
  3810 | D:5      | Noticed Menkaure
  4083 | D:5      | Noticed Grinder
  4127 | D:4      | Paralysed by Grinder for 2 turns
  4141 | D:4      | Killed Grinder
  4142 | D:4      | Reached skill level 5 in Fighting
  4142 | D:4      | Reached skill level 5 in Unarmed Combat
  4142 | D:4      | Reached XP level 7. HP: 15/56 MP: 7/7
  4792 | D:5      | Found a sacrificial altar of Ru.
  5263 | D:5      | Killed from afar by an acid dragon

Illustrated notes

Levels and vault maps discovered:
D:1:      amcnicky_arrival_underground_garden, layout_rooms, serial_forest,
          infiniplex_forest_lined_ring, infiniplex_forest_clump_long,
          infiniplex_forest_end_1, infiniplex_forest_straight_1,
          infiniplex_forest_clump_small, infiniplex_forest_lined_room_
D:2:      layout_rooms, hellmonk_ecumenical_altar_crossroads, serial_shops,
          shop, shop, nicolae_shop_statue_plus, nicolae_shop_waterfront,
          nicolae_shop_behind_doors, uniq_natasha
D:3:      layout_basic, portal_sewer_entry_b, serial_shops, shop_fountains,
          minmay_surrounded, uniq_crazy_yiuf_cottage
D:4:      layout_rooms, mainiacjoe_overflow_brackets, kennysheep_little_box,
          nicolae_concentric_dashed_squares_mild
D:5:      layout_layer_cave, mainiacjoe_overflow_catwalk,
          minmay_temple_entry_overgrown, uniq_grinder, uniq_menkaure,
          uniq_duvessa, uniq_blork_the_orc

Skill      XL: |  1  2  3  4  5  6 |
---------------+-------------------+-----
Unarmed Combat | 3 4 5 |  5.6
Dodging        | 2 3 |  3.7
Fighting       | 4 5 |  5.2
Armour         | |  1.5

Action                   |  1- 3 |  4- 6 |  7- 9 || total
-------------------------+-------+-------+-------++-------
Melee: Unarmed           |    17 |       |       ||    17
       Dagger            |       |    19 |    47 ||    66
       Punch             |       |       |     1 ||     1
 Fire: Sling             |    69 |   190 |     7 ||   266
Throw: Throwing net      |       |       |     1 ||     1
Invok: Trog's Hand       |     1 |     4 |     1 ||     6
  Use: Scroll            |       |     2 |     5 ||     7
Armor: Animal skin       |     7 |       |       ||     7
       Ring mail         |     7 |    28 |    21 ||    56
Dodge: Dodged            |    33 |    67 |    37 ||   137
Block: Other             |     3 |    36 |     7 ||    46
       Reflection        |       |     1 |       ||     1
